 Dungeon Crawl Stone Soup version 0.28.0-53-g5a82cb258f (webtiles) character file.

Game seed: 7336475805900681854

563646 Peloso the Minotaur Barricade (level 25, -8/297 HPs)
             Began as a Minotaur Fighter on June 16, 2022.
             Was the Champion of Okawaru.
             Mangled by an acid blob (13 damage)
             ... created by the Royal Jelly
             ... on level 4 of the Pits of Slime on June 17, 2022.
             The game lasted 04:06:50 (65270 turns).

Peloso the Minotaur Barricade (Minotaur Fighter)   Turns: 65270, Time: 04:06:51

Health: -8/297     AC: 29    Str: 43    XL:     25   Next: 42%
Magic:  2/25       EV: 30    Int:  3    God:    Okawaru [******]
Gold:   3798       SH: 25    Dex: 34    Spells: 24/24 levels left

rFire   + + .      SeeInvis .   b - +7 scimitar of Ointment {flame, *Slow rElec rN+ rCorr}
rCold   + . .      Faith    .   I - +3 kite shield {reflect}
rNeg    + + .      Spirit   .   Z - +9 shadow dragon scales of the Endless Expanse {*Corrode rF+ rC+ Str+3 Stlth++++}
rPois   +          Reflect  +   i - +0 hat of Perfidy {Str+4 Int-2 Dex+8 Stlth+}
rElec   +          Harm     .   w - +0 cloak of Living Music {Rampage rF+ Regen+}
rCorr   +          Rampage  +   r - +1 pair of gloves {hurl}
Will    +++..                   e - +2 pair of boots of Uguemusa {Will+ Str+4 Dex+2}
Stlth   +++++++...              x - amulet of Vitality {Regen+ HP+15}
HPRegen 2.19/turn               O - ring "Moloiceb" {rElec Will+ rCorr EV+4 Dex+3}
MPRegen 0.19/turn               m - ring of Latedy {rElec rPois rN+ Str+6 Dex+4 Stlth-}

@: engulfed (cannot breathe), corroded, on berserk cooldown, slowed, studying
Translocations, very slow
A: horns 2, retaliatory headbutt, hooves 1, agile 1, robust 1, weak 1
}: 3/15 runes: barnacled, silver, gossamer
a: Renounce Religion, Heroism, Finesse, Duel


You were on level 4 of the Pits of Slime.
You worshipped Okawaru.
Okawaru was exalted by your worship.
You visited 11 branches of the dungeon, and saw 52 of its levels.
You also visited: Sewer, Ossuary, Ice Cave, Volcano, Wizlab and Desolation.

You collected 10517 gold pieces.
You spent 6719 gold pieces at shops.

Inventory:

Hand Weapons
 a - a +6 long sword of protection
 b - the +7 scimitar of Ointment (weapon) {flame, *Slow rElec rN+ rCorr}
   (Okawaru gifted it to you in an ice cave)

   It burns those it strikes, dealing additional fire damage.
   Big, fiery blades are also staple armaments of hydra-hunters.
   rElec:     It insulates you from electricity.
   rN:        It protects you from negative energy.
   rCorr:     It protects you from acid and corrosion.
   *Slow:     It may slow you when you take damage.
 c - the +6 falchion of Imminent Death {elec, rN+ rCorr Str+2}
   (You took it off a deep elf death mage on level 3 of the Elven Halls)

   It occasionally discharges a powerful burst of electricity upon striking a
   foe.
   Str:       It affects your strength (+2).
   rN:        It protects you from negative energy.
   rCorr:     It protects you from acid and corrosion.
Armour
 e - the +2 pair of boots of Uguemusa (worn) {Will+ Str+4 Dex+2}
   (You acquired it in an ossuary)

   Str:       It affects your strength (+4).
   Dex:       It affects your dexterity (+2).
   Will:      It increases your willpower.
 i - the +0 hat of Perfidy (worn) {Str+4 Int-2 Dex+8 Stlth+}
   (You acquired it on level 3 of the Elven Halls)

   Str:       It affects your strength (+4).
   Int:       It affects your intelligence (-2).
   Dex:       It affects your dexterity (+8).
   Stlth:     It makes you more stealthy.
 n - a +2 pair of boots of flying
 r - a +1 pair of gloves of hurling (worn)
 w - the +0 cloak of Living Music (worn) {Rampage rF+ Regen+}
   (You found it in a wizard's laboratory)

   rF:        It protects you from fire.
   Regen:     It increases your rate of health regeneration.
   Rampage:   It bestows one free step when moving towards enemies.
 I - a +3 kite shield of reflection (worn)
 M - a +2 hat of willpower
 R - the +0 tower shield of Indecent Exposure {rN+ Will+}
   (Okawaru gifted it to you on level 3 of the Depths)

   rN:        It protects you from negative energy.
   Will:      It increases your willpower.
 Z - the +9 shadow dragon scales of the Endless Expanse (worn) {*Corrode rF+ rC+ Str+3 Stlth++++}
   (You found it in the Desolation of Salt)

   Str:       It affects your strength (+3).
   rF:        It protects you from fire.
   rC:        It protects you from cold.
   *Corrode:  It may corrode you when you take damage.
   Stlth:     It makes you much more stealthy.
Jewellery
 m - the ring of Latedy (right hand) {rElec rPois rN+ Str+6 Dex+4 Stlth-}
   (You found it on level 1 of the Depths)

   [ring of strength]

   Str:       It affects your strength (+6).
   Dex:       It affects your dexterity (+4).
   rElec:     It insulates you from electricity.
   rPois:     It protects you from poison.
   rN:        It protects you from negative energy.
   Stlth:     It makes you less stealthy.
 x - the amulet of Vitality (around neck) {Regen+ HP+15}
   (You found it on level 5 of the Dungeon)

   [amulet of regeneration]

   HP:        It affects your health (+15).
   Regen:     It increases your rate of health regeneration.
 L - the ring of Shadows {Umbra +Inv Stlth+}
   (You bought it in a shop on level 3 of the Elven Halls)

   [ring of stealth]

   It surrounds you with an aura of shadow, increasing your stealth and reducing
   the accuracy of all others within it.
   +Inv:      It lets you turn invisible.
   Stlth:     It makes you more stealthy.
 N - the ring "Duipaiz" {AC+4 Str+9 Int-3}
   (You took it off a deep elf death mage on level 3 of the Elven Halls)

   [ring of protection]

   AC:        It affects your AC (+4).
   Str:       It affects your strength (+9).
   Int:       It affects your intelligence (-3).
 O - the ring "Moloiceb" (left hand) {rElec Will+ rCorr EV+4 Dex+3}
   (You took it off a merfolk siren on level 4 of the Shoals)

   [ring of evasion]

   EV:        It affects your evasion (+4).
   Dex:       It affects your dexterity (+3).
   rElec:     It insulates you from electricity.
   rCorr:     It protects you from acid and corrosion.
   Will:      It increases your willpower.
 X - the dreamshard necklace {*Dream Drain}
   (You bought it in a shop on level 12 of the Dungeon)

   [amulet of nothing]

   It shatters if its wearer takes lethal or near-lethal damage, preventing the
   blow and releasing protective dreams that heal and fight for the wearer.
   Drain:     It drains your maximum health when unequipped.
Scrolls
 h - 9 scrolls of immolation
 o - 20 scrolls of teleportation
 v - 4 scrolls of magic mapping
 y - 2 scrolls of noise
 z - 2 scrolls of fog
 F - 2 scrolls of blinking
 P - 8 scrolls of fear
Potions
 d - 13 potions of might
 f - 14 potions of flight
 j - 2 potions of berserk rage
 l - 5 potions of mutation
 p - 6 potions of invisibility
 t - 6 potions of resistance
 A - 25 potions of curing
 J - 10 potions of haste
 K - 3 potions of heal wounds


   Skills:
 O Level 27 Fighting
 O Level 27 Long Blades
 + Level 21.4 Armour
 + Level 14.0 Dodging
 + Level 12.1 Stealth
 O Level 27 Shields
 + Level 0.3 Unarmed Combat
 + Level 5.2 Invocations
 + Level 2.7 Evocations


You had 24 spell levels left.
You didn't know any spells.
Your spell library contained the following spells:

 Spells                   Type           Power      Damage    Failure   Level
 Apportation              Tloc           0%         N/A       75%         1
 Magic Dart               Conj           0%         1d3       75%         1
 Pain                     Necr           0%         1d4       75%         1
 Shock                    Conj/Air       0%         1d3       75%         1
 Slow                     Hex            0%         N/A       75%         1
 Blink                    Tloc           0%         N/A       87%         2
 Corpse Rot               Necr/Air       0%         N/A       87%         2
 Ensorcelled Hibernation  Hex/Ice        0%         N/A       87%         2
 Passwall                 Tmut/Erth      0%         N/A       87%         2
 Scorch                   Fire           0%         2d5       87%         2
 Searing Ray              Conj           0%         2d4       87%         2
 Static Discharge         Conj/Air       0%         N/A       87%         2
 Sublimation of Blood     Necr           0%         N/A       87%         2
 Confusing Touch          Hex            0%         N/A       98%         3
 Conjure Flame            Conj/Fire      0%         6-21      98%         3
 Dazzling Flash           Conj/Hex       0%         N/A       98%         3
 Frozen Ramparts          Ice            0%         1d2       98%         3
 Gell's Gravitas          Tloc           0%         N/A       98%         3
 Ignite Poison            Fire/Tmut/Pois 0%         N/A       98%         3
 Inner Flame              Hex/Fire       0%         N/A       98%         3
 Lesser Beckoning         Tloc           0%         N/A       98%         3
 Mephitic Cloud           Conj/Pois/Air  0%         N/A       98%         3
 Ozocubu's Armour         Ice            0%         N/A       98%         3
 Portal Projectile        Hex/Tloc       0%         N/A       98%         3
 Stone Arrow              Conj/Erth      0%         3d7       98%         3
 Swiftness                Air            0%         N/A       98%         3
 Teleport Other           Tloc           0%         N/A       98%         3
 Vampiric Draining        Necr           0%         2d6       98%         3
 Airstrike                Air            0%         N/A       100%        4
 Anguish                  Hex/Necr       0%         N/A       100%        4
 Cause Fear               Hex            0%         N/A       100%        4
 Dispel Undead            Necr           0%         3d6       100%        4
 Flame Wave               Conj/Fire      0%         2d4       100%        4
 Fulminant Prism          Conj/Hex       0%         3d6       100%        4
 Hailstorm                Conj/Ice       0%         3d3       100%        4
 Ice Form                 Ice/Tmut       0%         N/A       100%        4
 Iskenderun's Mystic Bla  Conj/Tloc      0%         2d3       100%        4
 Leda's Liquefaction      Hex/Erth       0%         N/A       100%        4
 Olgreb's Toxic Radiance  Pois           0%         N/A       100%        4
 Petrify                  Tmut/Erth      0%         N/A       100%        4
 Agony                    Necr           0%         N/A       100%        5
 Excruciating Wounds      Necr           0%         N/A       100%        5
 Fireball                 Conj/Fire      0%         3d3       100%        5
 Freezing Cloud           Conj/Ice/Air   0%         6-21      100%        5
 Irradiate                Conj/Tmut      0%         3d14      100%        5
 Lightning Bolt           Conj/Air       0%         1d11      100%        5
 Manifold Assault         Tloc           0%         N/A       100%        5
 Metabolic Englaciation   Hex/Ice        0%         N/A       100%        5
 Dispersal                Tloc           0%         N/A       100%        6
 Eringya's Noxious Bog    Tmut/Pois      0%         N/A       100%        6
 Starburst                Conj/Fire      0%         6d3       100%        6
 Enfeeble                 Hex            0%         N/A       100%        7
 Orb of Destruction       Conj           0%         9d5       100%        7
 Storm Form               Tmut/Air       0%         N/A       100%        7
 Borgnjor's Revivificati  Necr           0%         N/A       100%        8
 Discord                  Hex            0%         N/A       100%        8
 Lehudib's Crystal Spear  Conj/Erth      0%         10d2      100%        8
 Maxwell's Capacitive Co  Air            0%         ∞         100%        8
 Necromutation            Tmut/Necr      0%         N/A       100%        8
 Death's Door             Necr           0%         N/A       100%        9
 Animate Skeleton         Necr           Unusable   N/A       N/A         1
 Summon Small Mammal      Summ           Unusable   N/A       N/A         1
 Call Canine Familiar     Summ           Unusable   N/A       N/A         3
 Summon Guardian Golem    Hex/Summ       Unusable   N/A       N/A         3
 Tukima's Dance           Hex            Unusable   N/A       N/A         3
 Animate Armour           Summ/Erth      Unusable   N/A       N/A         4
 Summon Ice Beast         Ice/Summ       Unusable   N/A       N/A         4
 Summon Lightning Spire   Summ/Air       Unusable   N/A       N/A         4
 Summon Forest            Summ/Tloc      Unusable   N/A       N/A         5
 Death Channel            Necr           Unusable   N/A       N/A         6
 Simulacrum               Ice/Necr       Unusable   N/A       N/A         6
 Summon Cactus Giant      Summ           Unusable   N/A       N/A         6
 Malign Gateway           Summ/Tloc      Unusable   N/A       N/A         7
 Spellforged Servitor     Conj/Summ      Unusable   N/A       N/A         7
 Summon Horrible Things   Summ           Unusable   N/A       N/A         8

Dungeon Overview and Level Annotations

Branches:
Dungeon (15/15)            Temple (1/1) D:5            Lair (6/6) D:10
 Shoals (4/4) Lair:3       Spider (4/4) Lair:2        Slime (5/5) Lair:6
    Orc (2/2) D:10            Elf (3/3) Orc:2        Vaults (5/5) D:13
  Crypt (3/3) Vaults:2       Tomb (0/3) Crypt:3      Depths (4/4) D:15
    Zot (0/5) Depths:4      Sewer (visited)         Ossuary (visited)
  IceCv (visited)         Volcano (visited)          WizLab (visited)
Desolation (visited)

Altars:
Ashenzari
Cheibriados
Elyvilon
Fedhas
Gozag
Hepliaklqana
Kikubaaqudgha
Makhleb
Nemelex Xobeh
Okawaru
Qazlal
Trog
Uskayaw
Vehumet
Wu Jian
Xom
Yredelemnul
Zin
The Shining One
Beogh

Shops:
D:6 (   D:8 :   D:12 *   D:13 !   Orc:2 =(*[   Elf:1 ?   Elf:2 [   Elf:3 =
Vaults:1 ![(!

Portals:
Hell: Depths:1 Depths:2 Depths:3 Depths:4
Abyss: Depths:3
Pandemonium: Depths:1 Depths:2 Depths:3 Depths:4
Ziggurat: Depths:1

Annotations:
D:12 Casa
Elf:1 1 runed translucent door


Innate Abilities, Weirdness & Mutations

You have a pair of horns on your head.
You reflexively headbutt those who attack you in melee.
You have large cloven feet.
You are agile. (Dex +2)
You are robust. (+10% HP)
You are weak. (Str -2)


Message History

The azure jelly hits you but does no damage.
The azure jelly closely misses you.
The quicksilver ooze completely misses you.
The quicksilver ooze misses you. The acid blob spits acid at you.
The splash of acid misses you. The acid blob completely misses you.
You furiously retaliate!
You headbutt the acid blob.
The azure jelly completely misses you. x2; The azure jelly misses you.
The azure jelly completely misses you.
You cannot read scrolls while unable to breathe!
Unknown command.
Okay, then.
Keep disrobing? [Y]es or [N]o only, please.
Keep disrobing?
* * * LOW HITPOINT WARNING * * *
Your lungs strain for air!
The quicksilver ooze misses you. You furiously retaliate!
You headbutt the quicksilver ooze!
You block the quicksilver ooze's attack.
The acid blob misses you. You furiously retaliate!
You headbutt the acid blob, but do no damage.
You block the azure jelly's attack. The azure jelly completely misses you.
You block the azure jelly's attack. x2; The azure jelly completely misses you.
You furiously retaliate!
You headbutt the azure jelly!!
You kill the azure jelly!
That felt strangely unrewarding.
The acid blob closely misses you. You furiously retaliate!
You headbutt the acid blob!! The quicksilver ooze hits you.
The quicksilver ooze hits you but does no damage.
The azure jelly completely misses you. You furiously retaliate!
You headbutt the azure jelly. You block the azure jelly's attack.
The azure jelly hits you but does no damage.
The azure jelly closely misses you.
The azure jelly hits you but does no damage.
The azure jelly barely misses you. The azure jelly misses you. x2
The acid blob spits acid at you.
The splash of acid hits you but does no damage.
The acid blob hits you!
You die...

.........................
.........................
.........................
...#................#....
...##.....#..............
#...............#....
#...................#
###.........JJJ....#
#...........J@J...#...
.................##
#...........<...##
#................#
.............##...#
#..........### #.##
##.##......# ## #
#......## ##...#.#


You could see 2 acid blobs, 2 azure jellies and a quicksilver ooze.

Vanquished Creatures
  the Royal Jelly (Slime:5)
  2 dread liches (Vaults:5)
  2 ancient liches (Vaults:5)
  A juggernaut (Depths:1)
  Saint Roka (Crypt:2)
  Margery (Crypt:3)
  Nikola (Shoals:3)
  3 golden dragons
  the Enchantress (Depths:2)
  2 bone dragons
  A Brimstone Fiend (Vaults:4)
  3 tentacled monstrosities
  2 hellephants (Depths:4)
  6 liches
  5 titans (Vaults:5)
  Rupert (D:14)
  3 deep elf blademasters
  2 deep elf master archers (Elf:3)
  9 ancient champions
  11 acid blobs
  2 tentacled starspawn (WizLab)
  2 krakens
  An eldritch tentacle (WizLab)
  10 sphinxes
  Polyphemus (Shoals:3)
  A thorn hunter (Depths:2)
  5 shadow dragons
  Agnes (D:15)
  4 storm dragons
  The ghost of Peloso the Hoplite, an adept MiFi of Okawaru (Elf:2)
  8 tengu reavers
  7 fire giants
  Ilsuiw (Shoals:3)
  4 revenants
  3 azure jellies
  7 rockslimes
  6 iron dragons
  4 frost giants
  3 deep elf sorcerers
  6 emperor scorpions
  3 orc warlords
  13 vault wardens
  Aizul (Elf:2)
  5 ghost moths
  An imperial myrmidon (Desolation)
  7 ghouls
  2 spriggan defenders (Depths:2)
  A draconian shifter (Depths:4)
  A curse skull (Crypt:3)
  A reaper (Depths:4)
  7 quicksilver oozes
  6 war gargoyles
  A draconian annihilator (Depths:4)
  3 deep elf elementalists (Elf:3)
  15 very ugly things
  10 ironbound preservers
  5 ironbound thunderhulks
  Nessos (D:12)
  2 broodmothers (Spider:1)
  2 juggernaut skeletons (Depths:3)
  2 black draconians (Depths:4)
  8 vampire knights
  A caustic shrike skeleton (Depths:3)
  9 stone giants
  An eleionoma (Depths:2)
  4 purple draconians
  A white draconian (Depths:4)
  8 deep elf demonologists
  8 spark wasps
  2 halazid warlocks (Desolation)
  A yellow draconian (Depths:4)
  Azrael (Elf:1)
  A dire elephant (Vaults:1)
  8 deep elf annihilators
  A red draconian (Depths:4)
  8 entropy weavers
  11 ettins
  16 deep elf death magi
  12 fire dragons
  3 eidola
  10 merfolk impalers
  A green death (Depths:1)
  2 mummy priests (Crypt:3)
  3 crystal guardians
  10 ragged hierophants (Desolation)
  11 great orbs of eyes
  10 jiangshi
  18 yaktaur captains
  Fannar (Lair:1)
  6 deep elf high priests
  2 merfolk javelineers
  6 ice dragons
  38 vault guards
  7 servants of whispers (Desolation)
  13 peacekeepers
  9 boulder beetles
  A boulder beetle (shapeshifter) (Depths:2)
  13 hydras
  3 quicksilver dragon skeletons
  The ghost of hitsuchi the Destroyer, a journeyman DgCj (Lair:2)
  2 spriggan air magi
  13 ironbound frosthearts
  4 spriggan skeletons
  3 death knights
  A fenstrider witch skeleton (Crypt:3)
  4 merfolk avatars
  A radroach (Lair:2)
  2 catoblepae
  16 dancing weapons
  4 centaur warriors
  3 alligator snapping turtles
  8 hell hogs (Depths:4)
  5 two-headed ogres
  4 satyrs
  2 alligators (Shoals:1)
  5 merfolk aquamancers
  3 tengu warriors
  6 deep troll shamans
  10 death yaks
  A thrashing horror (WizLab)
  5 vampire magi
  2 deep troll earth magi
  A titan zombie (Vaults:5)
  Urug (Orc:2)
  9 spriggan berserkers
  An orc high priest (Orc:2)
  8 hell knights
  11 deep elf knights
  Sonja (Lair:1)
  3 soul eaters
  A sun demon (Depths:4)
  A storm dragon zombie (Crypt:2)
  2 iron trolls (Depths:4)
  38 skeletal warriors
  A storm dragon skeleton (Depths:3)
  A sixfirhy (Depths:4)
  5 shadow wraiths (Crypt:3)
  3 titan skeletons (Depths:3)
  A spark wasp zombie (Depths:1)
  5 glowing orange brains
  6 pharaoh ants
  12 orb spiders
  11 sea snakes
  A deep troll (shapeshifter) (Vaults:5)
  An entropy weaver zombie (Crypt:1)
  A goliath frog (Shoals:1)
  2 sun moths
  A sea snake (shapeshifter) (Vaults:5)
  A death drake (shapeshifter) (Vaults:3)
  4 flayed ghosts
  7 golden dragon skeletons
  44 deep trolls
  3 steelbarb worms
  A bog body (Crypt:3)
  24 ironbound convokers
  19 phantasmal warriors
  An anaconda skeleton (Crypt:3)
  5 deep elf archers
  11 lindwurms (Vaults:1)
  9 wizards
  2 obsidian statues
  6 necromancers
  5 wolf spider zombies (Spider:2)
  30 deep elf pyromancers
  17 harpies
  3 orc knights
  23 deep elf zephyrmancers
  A frost giant zombie (Depths:1)
  15 fauns
  An oklob plant (Lair:3)
  20 manticores
  3 shadow dragon skeletons
  4 orc sorcerers
  3 worldbinders (WizLab)
  3 tengu skeletons (Depths:3)
  34 ugly things
  19 wolf spiders
  A sphinx skeleton (Depths:3)
  A salamander (Depths:4)
  2 shining eyes
  13 merfolk sirens
  7 cyclopes
  4 human skeletons
  7 elephants
  A fire giant skeleton (Depths:3)
  3 moths of wrath
  3 iron dragon skeletons
  2 frost giant skeletons
  9 water nymphs
  A stone giant skeleton (Vaults:5)
  4 torpor snails
  3 guardian serpents
  11 vault sentinels
  2 smoke demons
  7 black mambas
  4 molten gargoyles
  7 rust devils
  13 cane toads
  An ice statue (IceCv)
  2 orange demons
  A storm dragon simulacrum (Vaults:5)
  3 eyes of devastation
  3 gargoyles
  11 demonic crawlers
  3 efreet
  A komodo dragon (shapeshifter) (D:15)
  2 kobold demonologists
  A rime drake (Lair:2)
  9 freezing wraiths
  2 hellwings
  12 komodo dragons
  31 yaktaurs
  A rime drake (shapeshifter) (Vaults:5)
  A catoblepas skeleton (Crypt:1)
  2 ice devils
  2 tengu conjurers (Depths:2)
  A yaktaur (shapeshifter) (Elf:1)
  A yaktaur skeleton (WizLab)
  8 guardian mummies
  15 polar bears
  A tormentor (WizLab)
  A death yak skeleton (Crypt:3)
  A death drake zombie (Crypt:3)
  24 merfolk
  A sea snake skeleton (Crypt:1)
  10 trolls
  6 wolf spider simulacra (Spider:2)
  12 meliai
  24 tarantellas
  118 slime creatures
  A harpy skeleton (Crypt:3)
  66 saltlings (Desolation)
  9 hornets
  5 wind drakes
  8 snapping turtles
  A raiju (shapeshifter) (D:14)
  8 dream sheep
  30 jumping spiders
  A meliai zombie (D:10)
  A jumping spider zombie (Crypt:2)
  19 culicivoras
  27 blink frogs
  2 centaur simulacra
  A guardian serpent skeleton (Crypt:1)
  An ettin skeleton (Crypt:2)
  13 spriggans
  6 flying skulls (Depths:3)
  A fire dragon skeleton (Crypt:3)
  A shadow (D:10)
  4 wyverns
  3 ushabtiu (Crypt:3)
  An ice dragon skeleton (Crypt:3)
  2 air elementals
  3 vampires (Vaults:2)
  10 fire elementals
  3 ynoxinuls
  24 water elementals
  A fire bat (shapeshifter) (Vaults:5)
  9 basilisks
  8 fire bats
  10 wraiths
  2 neqoxecs
  A naga simulacrum (Crypt:3)
  A steam dragon (Lair:2)
  4 vampire mosquitoes (D:12)
  103 yaks
  2 chaos spawn
  74 redbacks
  A spatial vortex (WizLab)
  3 wargs
  An acid dragon (D:11)
  Duvessa (D:7)
  2 naga zombies (Crypt:3)
  17 water moccasins
  A floating eye (Depths:2)
  3 hell hounds
  A sky beast (D:7)
  30 orc warriors
  7 black bears
  An ice beast (D:7)
  A black bear (shapeshifter) (Vaults:3)
  3 necrophages
  4 boggarts
  8 ogres
  54 wolves
  A phantom (D:5)
  A rime drake zombie (Crypt:2)
  A hog skeleton (Crypt:2)
  6 kobold brigands
  19 bullfrogs
  5 earth elementals
  4 scorpions
  A wyvern zombie (D:8)
  A water moccasin zombie (D:6)
  Dowan (D:7)
  A draconian skeleton (Crypt:3)
  A wyvern skeleton (D:7)
  A shapeshifter zombie (Crypt:3)
  4 electric eels
  11 howler monkeys
  A bullfrog zombie (D:6)
  8 lava snakes
  8 centaur zombies
  A gnoll shaman (D:9)
  6 jellies
  A human zombie (Crypt:2)
  17 orc priests
  A black bear skeleton (Crypt:1)
  3 centaur skeletons
  An iron imp (WizLab)
  An iguana (D:4)
  23 orc wizards
  Natasha (thrice) (D:4)
  A scorpion zombie (Crypt:2)
  5 hell rats (Lair:4)
  A deep dwarf zombie (Crypt:2)
  A deep dwarf skeleton (Crypt:1)
  A hound zombie (D:5)
  A hound skeleton (D:4)
  3 mummies
  2 howler monkey zombies
  Robin (D:1)
  A howler monkey skeleton (D:5)
  9 adders
  2 gnolls (D:9)
  A swamp drake zombie (Crypt:1)
  3 river rats
  2 shadow imps
  16 white imps
  4 worms
  7 dart slugs
  62 orcs
  4 ball pythons
  6 endoplasms
  6 giant cockroaches
  16 goblins
  10 hobgoblins
  5 jackals
  38 kobolds
  5 quokkas
  7 bats
  A dart slug zombie (Crypt:3)
  7 frilled lizards
  9 gnoll skeletons (Ossuary)
  3 kobold skeletons (Ossuary)
  13 orc skeletons (Ossuary)
  A quokka zombie (Crypt:3)
  11 rats
  A lurking horror (WizLab)
  4 tentacles (Shoals:4)
2465 creatures vanquished.

Vanquished Creatures (others)
  A deep elf knight (Elf:3)
  A faun (Shoals:3)
  A wolf spider (Spider:2)
  A merfolk siren (Shoals:3)
  A blink frog (WizLab)
  A jumping spider (Spider:4)
  A redback (Spider:4)
  A hell hound (Elf:1)
  A boggart (Lair:6)
  58 fungi
  251 plants
  2 starspawn tentacles (WizLab)
  18 tentacles
  A withered plant (Desolation)
339 creatures vanquished.

Grand Total: 2804 creatures vanquished

Notes
Turn   | Place    | Note
-------+----------+-------------------------------------------
     0 | D:1      | Peloso the Minotaur Fighter began the quest for the Orb.
     0 | D:1      | Reached XP level 1. HP: 19/19 MP: 0/0
   302 | D:1      | Reached XP level 2. HP: 22/27 MP: 1/1
   457 | D:1      | Found a faded altar of an unknown god.
   869 | D:2      | Reached XP level 3. HP: 27/33 MP: 2/2
   869 | D:2      | Noticed Robin
  1122 | D:1      | Killed Robin
  1356 | D:2      | Reached XP level 4. HP: 39/40 MP: 3/3
  2169 | D:3      | Reached skill level 1 in Dodging
  2638 | D:4      | Reached XP level 5. HP: 46/46 MP: 4/4
  2740 | D:4      | Reached XP level 6. HP: 49/53 MP: 5/5
  2750 | D:4      | Reached skill level 5 in Long Blades
  2771 | D:4      | Noticed Natasha
  2777 | D:4      | Killed Natasha
  2855 | D:4      | Reached skill level 5 in Shields
  2998 | D:4      | Noticed Natasha
  3006 | D:4      | Killed Natasha
  3074 | D:4      | Noticed Natasha
  3078 | D:4      | Killed Natasha
  3219 | D:4      | Reached skill level 5 in Armour
  3258 | D:4      | Reached XP level 7. HP: 46/60 MP: 6/6
  3598 | D:5      | Entered Level 5 of the Dungeon
  3603 | D:5      | Found a staircase to the Ecumenical Temple.
  3612 | D:5      | Reached skill level 5 in Fighting
  3630 | D:5      | Found the amulet of Vitality {Regen+ HP+15}
  3681 | D:5      | Found a glowing drain.
  3779 | Sewer    | Entered a sewer
  4826 | D:5      | Reached XP level 8. HP: 57/70 MP: 7/7
  4933 | Temple   | Entered the Ecumenical Temple
  5005 | Temple   | Became a worshipper of Warmaster Okawaru
  5539 | D:6      | Reached * piety under Okawaru
  5631 | D:6      | Found a sand-covered staircase.
  5635 | Ossuary  | Entered an ossuary
  6082 | Ossuary  | Identified 2 scrolls of acquirement
  6094 | Ossuary  | Acquired the +1 pair of boots "Adghak" {rElec rCorr Int+2
                  | Dex+2}
  6389 | D:6      | Reached XP level 9. HP: 64/78 MP: 5/8
  6490 | D:6      | Found Vitsi's Weapon Emporium.
  6499 | D:6      | Reached ** piety under Okawaru
  6754 | D:6      | Noticed a cyclops
  6764 | D:6      | Killed a cyclops
  6765 | D:6      | Reached skill level 10 in Long Blades
  6765 | D:6      | Reached skill level 1 in Stealth
  7042 | D:7      | Reached *** piety under Okawaru
  7067 | D:7      | Noticed a komodo dragon
  7331 | D:7      | Noticed Duvessa
  7333 | D:7      | Noticed Dowan
  7338 | D:7      | Killed Duvessa
  7342 | D:7      | Killed Dowan
  7418 | D:7      | Noticed a two-headed ogre
  7426 | D:7      | Killed a two-headed ogre
  7427 | D:7      | Reached XP level 10. HP: 90/90 MP: 6/9
  7628 | D:7      | Reached **** piety under Okawaru
  8235 | D:8      | Noticed a gargoyle
  8244 | D:8      | Killed a gargoyle
  8310 | D:8      | Found a bloodstained altar of Trog.
  8321 | D:8      | Found a sparkling altar of Nemelex Xobeh.
  8321 | D:8      | Found a broken altar of Ashenzari.
  8324 | D:8      | Found a basalt altar of Yredelemnul.
  8422 | D:8      | Found Ahejes's Self-Improvement Boutique.
  9404 | D:10     | Entered Level 10 of the Dungeon
  9468 | D:10     | Reached ***** piety under Okawaru
  9481 | D:10     | Found a staircase to the Lair.
  9488 | D:10     | Noticed a gargoyle
  9515 | D:10     | Killed a gargoyle
  9680 | D:10     | Noticed an obsidian statue
  9704 | D:10     | Reached skill level 10 in Shields
  9930 | D:10     | Reached XP level 11. HP: 99/99 MP: 10/10
  9990 | D:10     | Found a staircase to the Orcish Mines.
 10004 | D:10     | Noticed a brown ugly thing
 10019 | D:10     | Killed a brown ugly thing
 10273 | D:11     | Noticed a two-headed ogre
 10281 | D:11     | Killed a two-headed ogre
 10377 | D:11     | Noticed a five-headed hydra
 10406 | D:12     | Noticed Nessos
 10536 | D:11     | Received a gift from Okawaru
 10537 | D:11     | Reached skill level 10 in Armour
 10551 | D:11     | Reached skill level 10 in Fighting
 10552 | D:12     | Noticed a boulder beetle
 10605 | D:11     | Killed a boulder beetle
 10606 | D:11     | Reached skill level 1 in Invocations
 10707 | D:11     | HP: 3/114 [poisoned by Nessos]
 11024 | D:12     | Noticed a two-headed ogre
 11040 | D:11     | Killed a two-headed ogre
 11040 | D:11     | Reached ****** piety under Okawaru
 11214 | D:12     | Killed Nessos
 11215 | D:12     | Reached skill level 1 in Evocations
 11324 | D:12     | Noticed a red ugly thing
 11339 | D:12     | Killed a red ugly thing
 11339 | D:12     | Received a gift from Okawaru
 11578 | D:12     | Found a radiant altar of Vehumet.
 11798 | D:12     | Found Cine Quu's Assorted Antiques.
 12142 | Lair:1   | Entered Level 1 of the Lair of Beasts
 12142 | Lair:1   | Noticed a four-headed hydra
 12236 | D:13     | Noticed a seven-headed hydra
 12236 | D:13     | Found Util's Distillery.
 12304 | Orc:1    | Entered Level 1 of the Orcish Mines
 12580 | Orc:2    | Entered Level 2 of the Orcish Mines
 12585 | Orc:2    | Noticed an orc sorcerer
 12585 | Orc:2    | Noticed an orc warlord
 12588 | Orc:2    | Noticed a sun demon
 12625 | Orc:1    | Reached XP level 12. HP: 79/105 MP: 12/12
 12716 | Orc:1    | Killed an orc warlord
 13050 | Orc:2    | Found a staircase to the Elven Halls.
 13171 | Orc:2    | Noticed an orc high priest
 13171 | Orc:2    | Noticed an orc warlord
 13521 | Orc:1    | Killed an orc warlord
 13622 | Orc:2    | Killed an orc high priest
 13804 | Orc:2    | Received a gift from Okawaru
 13850 | Orc:2    | Noticed Urug
 13864 | Orc:2    | Killed Urug
 13894 | Orc:2    | Found Eced's Antique Weapon Shoppe.
 13924 | Orc:2    | Found Bogus's Jewellery Shoppe.
 13940 | Orc:2    | Found Peonu's General Store.
 13948 | Orc:2    | Bought a scroll of identify for 26 gold pieces
 13948 | Orc:2    | Bought a potion of degeneration for 13 gold pieces
 13959 | Orc:2    | Found Wilodahu's Antique Armour Shoppe.
 13987 | Orc:2    | Bought a glowing long sword for 201 gold pieces
 14046 | Orc:2    | Identified the +2 pair of boots of Teskutzu {rC+} (Okawaru
                  | gifted it to you on level 2 of the Orcish Mines)
 14046 | Orc:2    | Received a gift from Okawaru
 14714 | Lair:1   | Killed a four-headed hydra
 14885 | Lair:1   | Noticed Fannar
 14916 | Lair:1   | Killed Fannar
 14917 | Lair:1   | Reached skill level 15 in Shields
 14917 | Lair:1   | Reached XP level 13. HP: 116/116 MP: 14/14
 15160 | Lair:1   | Identified the +0 leather armour of Wrong Decisions {Drain
                  | rN+ Regen+}
 15193 | Lair:1   | Noticed Sonja
 15195 | Lair:1   | Killed Sonja
 15942 | Lair:2   | Found a transporter.
 15945 | Lair:2   | Noticed hitsuchi's ghost (journeyman DgCj)
 16567 | D:13     | Found a gate to the Vaults.
 16665 | D:12     | Received a gift from Okawaru
 16819 | D:12     | Identified the +1 ring mail of Classification {Fly rF+}
                  | (Okawaru gifted it to you on level 12 of the Dungeon)
 16819 | D:12     | Received a gift from Okawaru
 17201 | D:13     | Reached skill level 15 in Long Blades
 17716 | D:14     | Reached XP level 14. HP: 90/127 MP: 13/15
 18809 | D:15     | Entered Level 15 of the Dungeon
 18866 | D:15     | Noticed Rupert
 18958 | D:14     | Killed Rupert
 18958 | D:14     | Identified the +1 pair of boots "Qadotuk" {rCorr Str+6}
                  | (Okawaru gifted it to you on level 14 of the Dungeon)
 18958 | D:14     | Received a gift from Okawaru
 19083 | D:15     | Noticed Agnes
 19098 | D:15     | Killed Agnes
 19708 | Lair:2   | Found a transporter.
 19900 | Lair:2   | Found a hole to the Spider Nest.
 20142 | Lair:3   | Found a dark tunnel.
 20166 | Volcano  | Entered a volcano
 20447 | Volcano  | Found a bloodstained altar of Trog.
 20606 | Volcano  | Noticed a stone giant
 20615 | Volcano  | Killed a stone giant
 20850 | Lair:3   | Found a staircase to the Shoals.
 21412 | Lair:4   | Identified the +1 robe of the Immovable Dances {Regen+
                  | Int+3} (Okawaru gifted it to you on level 4 of the Lair of
                  | Beasts)
 21412 | Lair:4   | Received a gift from Okawaru
 21769 | Lair:4   | Reached XP level 15. HP: 137/137 MP: 16/16
 22720 | Lair:5   | Found a frozen archway.
 22750 | IceCv    | Entered an ice cave
 22809 | IceCv    | Identified the +3 dagger of Wounding {spect, rN+ Will+}
 23040 | IceCv    | Received a gift from Okawaru
 23187 | IceCv    | Reached skill level 5 in Dodging
 23232 | IceCv    | Identified the +7 scimitar of Ointment {flame, *Slow rElec
                  | rN+ rCorr} (Okawaru gifted it to you in an ice cave)
 23232 | IceCv    | Received a gift from Okawaru
 25070 | D:15     | Reached skill level 15 in Fighting
 25243 | D:15     | Found a staircase to the Depths.
 25261 | D:15     | Identified the +12 plate armour "Ylutom" {rF+ Str+4 Int+2}
                  | (Okawaru gifted it to you on level 15 of the Dungeon)
 25261 | D:15     | Received a gift from Okawaru
 25741 | Lair:6   | Entered Level 6 of the Lair of Beasts
 25797 | Lair:6   | Found a staircase to the Slime Pits.
 26101 | Lair:6   | Reached XP level 16. HP: 149/149 MP: 17/17
 26984 | Lair:2   | Identified the amulet of Doedes {Regen+ Int+2 Dex-4 Stlth+}
 26988 | Lair:2   | Killed hitsuchi's ghost
 27528 | Spider:1 | Entered Level 1 of the Spider Nest
 27586 | Lair:2   | HP: 5/164 [radroach (50)]
 27595 | Lair:2   | Gained mutation: You occasionally shout uncontrollably at
                  | your foes. [mutagenic glow]
 27613 | Lair:2   | Gained mutation: You are weak. (Str -2) [mutagenic glow]
 27654 | Lair:1   | Gained mutation: You have a somewhat thin skeletal
                  | structure. (Dex +2, Stealth+) [mutagenic glow]
 27738 | D:12     | Lost mutation: You are weak. (Str -2) [potion of mutation]
 27738 | D:12     | Lost mutation: You occasionally shout uncontrollably at
                  | your foes. [potion of mutation]
 27738 | D:12     | Gained mutation: You are agile. (Dex +2) [potion of
                  | mutation]
 27738 | D:12     | Gained mutation: You tend to lose your temper in combat.
                  | [potion of mutation]
 27738 | D:12     | Gained mutation: You have a moderately thin skeletal
                  | structure. (Dex +4, Stealth++) [potion of mutation]
 27739 | D:12     | Lost mutation: You have a moderately thin skeletal
                  | structure. (Dex +4, Stealth++) [potion of mutation]
 27739 | D:12     | Lost mutation: You tend to lose your temper in combat.
                  | [potion of mutation]
 27739 | D:12     | Lost mutation: You have a somewhat thin skeletal structure.
                  | (Dex +2, Stealth+) [potion of mutation]
 27739 | D:12     | Gained mutation: You have large cloven feet. [potion of
                  | mutation]
 27739 | D:12     | Gained mutation: You are robust. (+10% HP) [potion of
                  | mutation]
 27846 | Elf:1    | Entered Level 1 of the Elven Halls
 27846 | Elf:1    | Found a runed translucent gate.
 27846 | Elf:1    | Found a runed translucent gate.
 27846 | Elf:1    | Found a runed translucent gate.
 27846 | Elf:1    | Found a runed translucent gate.
 27846 | Elf:1    | Found a runed translucent gate.
 27846 | Elf:1    | Found a runed translucent gate.
 27847 | Elf:1    | Found a runed translucent door.
 27856 | Elf:1    | Identified the -4 pair of gloves of Dergh {Int+2 Dex+2}
                  | (Okawaru gifted it to you on level 1 of the Elven Halls)
 27856 | Elf:1    | Received a gift from Okawaru
 27882 | Elf:1    | Found a runed translucent door.
 28039 | Elf:1    | Reached skill level 15 in Armour
 28131 | Elf:1    | Found an ancient bone altar of Kikubaaqudgha.
 28321 | Elf:1    | Got Sif Muna's Incunabulum of Supportive Combat Magic
 28447 | Elf:1    | Noticed Azrael
 28461 | Elf:1    | Killed Azrael
 28834 | Elf:1    | Found Yludyul's Magic Scroll Shop.
 28841 | Elf:1    | Bought a scroll of magic mapping for 52 gold pieces
 28841 | Elf:1    | Bought a scroll of holy word for 112 gold pieces
 28841 | Elf:1    | Bought a scroll of teleportation for 45 gold pieces
 29094 | Elf:2    | Found Visemes's Armour Boutique.
 29255 | Elf:2    | Found a runed translucent gate.
 29256 | Elf:2    | Found a runed translucent gate.
 29258 | Elf:2    | Found a runed translucent gate.
 29381 | Elf:2    | Found a runed translucent door.
 29403 | Elf:2    | Noticed Peloso's ghost (adept MiFi)
 29403 | Elf:2    | Found the +8 demon blade "Leech" {vamp, Harm Drain rN+}
 29431 | Elf:2    | Killed Peloso's ghost
 29440 | Elf:2    | Identified the +0 chain mail of the Pink Corner {*Slow
                  | rElec Will+}
 29478 | Elf:2    | Noticed a sphinx
 29486 | Elf:2    | Killed a sphinx
 29489 | Elf:2    | Received a gift from Okawaru
 29503 | Elf:2    | Noticed a sphinx
 29512 | Elf:2    | Noticed a sphinx
 29519 | Elf:2    | Killed a sphinx
 29527 | Elf:2    | Killed a sphinx
 29548 | Elf:2    | Reached XP level 17. HP: 143/176 MP: 18/18
 29799 | Elf:3    | Entered Level 3 of the Elven Halls
 29927 | Elf:3    | Identified the +7 long sword "Weuddoh" {venom, Int+4 SInv}
                  | (Okawaru gifted it to you on level 3 of the Elven Halls)
 29927 | Elf:3    | Received a gift from Okawaru
 30037 | Elf:3    | Paralysed by an air elemental for 1 turns
 30041 | Elf:3    | Paralysed by an air elemental for 1 turns
 30064 | Elf:3    | Found Liutosi's Jewellery Shop.
 30081 | Elf:3    | Bought the ring of Shadows {Umbra +Inv Stlth+} for 560 gold
                  | pieces
 30081 | Elf:3    | Found the ring of Shadows {Umbra +Inv Stlth+}
 30723 | Elf:3    | Noticed a Tzitzimitl
 30772 | Elf:3    | Noticed a deep elf master archer
 30780 | Elf:3    | Noticed a deep elf blademaster
 30780 | Elf:3    | Noticed a deep elf blademaster
 30785 | Elf:3    | Killed a deep elf master archer
 30815 | Elf:3    | Noticed a Hell Sentinel
 31002 | Elf:3    | Killed a deep elf blademaster
 31002 | Elf:3    | Identified the +2 pair of gloves "Luyjyrchimi" {rC+ Will-
                  | Dex+4} (Okawaru gifted it to you on level 3 of the Elven
                  | Halls)
 31002 | Elf:3    | Received a gift from Okawaru
 31117 | Elf:3    | Noticed a deep elf master archer
 31291 | Elf:3    | Identified the ring "Duipaiz" {AC+4 Str+9 Int-3}
 31310 | Elf:2    | Killed a deep elf blademaster
 31479 | Elf:3    | Identified the +6 falchion of Imminent Death {elec, rN+
                  | rCorr Str+2}
 31481 | Elf:3    | Identified the +4 long sword "String" {vorpal, Str+4 Int+6}
 31484 | Elf:3    | Noticed a Brimstone Fiend
 31716 | Elf:3    | Killed a deep elf master archer
 31903 | Elf:3    | Identified the +6 trident of Dismemberment {pain, SInv}
 31919 | Elf:3    | Identified the +0 hat of Gravitas {Rampage +Blink Int-4
                  | Dex+3 SInv}
 31928 | Elf:3    | Got the Compendium of Frigorific Attacks
 32486 | Elf:3    | Acquired the +2 pair of boots of Uguemusa {Will+ Str+4
                  | Dex+2}
 32492 | Elf:3    | Acquired the +0 hat of Perfidy {Str+4 Int-2 Dex+8 Stlth+}
 34129 | Spider:2 | Reached XP level 18. HP: 187/187 MP: 19/19
 34301 | Spider:2 | Identified the +5 kite shield of Dogma {Rampage rPois}
                  | (Okawaru gifted it to you on level 2 of the Spider Nest)
 34301 | Spider:2 | Received a gift from Okawaru
 35974 | Spider:4 | Entered Level 4 of the Spider Nest
 36851 | Spider:4 | Identified the +3 ring mail of the Old World {*Slow +Inv
                  | Str+5} (Okawaru gifted it to you on level 4 of the Spider
                  | Nest)
 36851 | Spider:4 | Received a gift from Okawaru
 36886 | Spider:4 | Got a gossamer rune of Zot
 37273 | Shoals:1 | Entered Level 1 of the Shoals
 38254 | Shoals:2 | Reached XP level 19. HP: 198/198 MP: 20/20
 38883 | Shoals:3 | Noticed Nikola
 38918 | Shoals:3 | Killed Nikola
 39092 | Shoals:3 | Received a gift from Okawaru
 39134 | Shoals:3 | Noticed Polyphemus
 39142 | Shoals:3 | Killed Polyphemus
 39143 | Shoals:3 | Noticed Ilsuiw
 39193 | Shoals:3 | HP: 10/214 [drowned by a water elemental[Ilsuiw] (9)]
 39195 | Shoals:3 | Killed Ilsuiw
 39661 | Shoals:4 | Entered Level 4 of the Shoals
 39721 | Shoals:4 | Received a gift from Okawaru
 40044 | Shoals:4 | Got a barnacled rune of Zot
 40377 | Shoals:4 | Identified the ring "Moloiceb" {rElec Will+ rCorr EV+4
                  | Dex+3}
 40771 | Shoals:4 | Reached skill level 27 in Shields
 41252 | Elf:2    | Noticed Aizul
 41261 | Elf:2    | Killed Aizul
 41919 | Vaults:1 | Entered Level 1 of the Vaults
 41981 | Vaults:1 | Received a gift from Okawaru
 42009 | Vaults:1 | Reached XP level 20. HP: 212/212 MP: 22/22
 42057 | Vaults:1 | Found a crumbling gateway.
 42075 | Desolati | Entered the Desolation of Salt
 42396 | Desolati | Got the Papyrus of the Voyage
 42399 | Desolati | Identified the +2 mace of Romen {protect, rC+ Stlth+}
 42417 | Desolati | Identified the amulet "Umust" {Acrobat rF++ Str+4 Dex+3}
 42426 | Desolati | Identified the ring of Ylikhuh {rF+ Will++ Int+7 Stlth-}
 42518 | Desolati | Identified the ring "Qiasuima" {rF+ rN+ Will+}
 42697 | Desolati | Received a gift from Okawaru
 42844 | Desolati | Identified the amulet of Jahum {Spirit Fragile rElec Int+9
                  | Stlth-}
 43070 | Desolati | Identified the ring "Diptam" {Fire Contam rPois rN+ Dex+3}
 43075 | Desolati | Identified the +9 shadow dragon scales of the Endless
                  | Expanse {*Corrode rF+ rC+ Str+3 Stlth++++}
 43118 | Desolati | Identified the ring "Sial Dabrig" {+Blink rN+ Int+6 Dex+2
                  | Slay+2}
 43131 | Desolati | Identified the +3 leather armour "Heisa" {rPois}
 43191 | Desolati | Identified the +0 chain mail of Hogei {Rampage}
 43217 | Desolati | Identified the +8 quarterstaff of the Ninety-Nine Queens
                  | {vorpal, Fly rF++ rC+ Dex-5}
 43318 | Desolati | Got Fodaec's Tome of Creative Contamination
 43554 | Vaults:1 | Found Girgh's Armour Emporium.
 43554 | Vaults:1 | Found Hablo's Weapon Emporium.
 43599 | Vaults:1 | Found Fuchumes's Distillery.
 43740 | Vaults:1 | Bought a potion of curing for 45 gold pieces
 43740 | Vaults:1 | Bought a potion of curing for 45 gold pieces
 43740 | Vaults:1 | Bought a potion of curing for 45 gold pieces
 43740 | Vaults:1 | Bought a potion of heal wounds for 75 gold pieces
 43740 | Vaults:1 | Bought a potion of mutation for 120 gold pieces
 43761 | Vaults:1 | Found Lyrias's Distillery.
 43769 | Vaults:1 | Bought a potion of might for 80 gold pieces
 43769 | Vaults:1 | Bought a potion of berserk rage for 100 gold pieces
 44466 | Vaults:1 | Found the macabre finger necklace {rN+}
 45283 | Vaults:2 | Received a gift from Okawaru
 45502 | Vaults:2 | Found a staircase to the Crypt.
 46139 | Vaults:2 | Reached XP level 21. HP: 224/224 MP: 23/23
 46543 | Vaults:3 | Identified the +1 plate armour of Miracles {rCorr Str+2}
                  | (Okawaru gifted it to you on level 3 of the Vaults)
 46543 | Vaults:3 | Received a gift from Okawaru
 47011 | Vaults:3 | Reached skill level 5 in Stealth
 47244 | Vaults:3 | You fall into a shaft and drop 1 floor!
 47546 | Vaults:4 | Identified the +1 pair of boots of the Fiddle {rPois Dex+4}
 48406 | Vaults:3 | Noticed a golden dragon
 48428 | Vaults:3 | Killed a golden dragon
 48585 | Vaults:3 | Found the +8 demon trident "Rift" {distort, reach+}
 48593 | Vaults:3 | Identified the +1 pair of gloves "Wuoch" {Int+6 Dex+3}
 48601 | Vaults:3 | Identified the +3 halberd of the Hungering Augurer {freeze,
                  | rF- rN+ Str+4 Dex+3}
 48716 | Vaults:3 | Identified the +6 short sword of Karma {vamp, Fragile
                  | Str+4}
 49027 | Vaults:5 | Entered Level 5 of the Vaults
 49059 | Vaults:5 | Noticed a dread lich
 49075 | Vaults:4 | Received a gift from Okawaru
 49710 | Vaults:5 | Reached XP level 22. HP: 238/238 MP: 24/24
 49864 | Vaults:5 | Killed a dread lich
 50146 | Vaults:5 | Identified the +1 tower shield of the Cooper {Str+3 Int+2}
                  | (Okawaru gifted it to you on level 5 of the Vaults)
 50146 | Vaults:5 | Received a gift from Okawaru
 50366 | Vaults:5 | Noticed an ancient lich
 50376 | Vaults:5 | Killed an ancient lich
 50390 | Vaults:5 | Got a silver rune of Zot
 50499 | Vaults:5 | Identified the +1 fustibalus of the Blessed Realm {freeze,
                  | Dex+4}
 50513 | Vaults:5 | Identified the +1 long sword "Vogubb" {flame, Int-5 Dex+5}
 50523 | Vaults:5 | Noticed a dread lich
 50532 | Vaults:5 | Killed a dread lich
 50569 | Vaults:5 | Noticed an ancient lich
 50574 | Vaults:5 | Killed an ancient lich
 50741 | Vaults:5 | Got the Collected Works on Spatial Flames
 50995 | Vaults:5 | Identified the +3 mace of Ixiotau Kalo {pain, rElec}
 51067 | Vaults:5 | Identified the +3 scale mail of the Gravedigger {Str+6}
 51084 | Vaults:5 | Identified the +6 rapier of Collusion {speed, Str+2}
 52189 | Crypt:1  | Entered Level 1 of the Crypt
 52532 | Crypt:1  | Identified the +2 hat of Okawaru's Indignation {Will- Str+4
                  | Int+3 SInv} (Okawaru gifted it to you on level 1 of the
                  | Crypt)
 52532 | Crypt:1  | Received a gift from Okawaru
 52676 | Crypt:1  | Reached skill level 10 in Dodging
 52736 | Crypt:1  | Reached XP level 23. HP: 246/251 MP: 25/25
 53611 | Crypt:2  | Noticed Saint Roka
 53637 | Crypt:2  | Killed Saint Roka
 53647 | Crypt:2  | Killed the ghostly Saint Roka
 54048 | Crypt:3  | Entered Level 3 of the Crypt
 54249 | Crypt:3  | Found a shimmering altar of Xom.
 54471 | Crypt:3  | Received a gift from Okawaru
 55311 | Crypt:3  | Noticed Margery
 55345 | Crypt:3  | Killed Margery
 55512 | Crypt:3  | Found a staircase to the Tomb.
 55864 | Crypt:3  | Found an ancient bone altar of Kikubaaqudgha.
 55895 | Crypt:3  | Found a basalt altar of Yredelemnul.
 55986 | Crypt:3  | Identified the amulet of False Pretenses {Acrobat rCorr}
 55993 | Crypt:3  | Identified the +3 leather armour of Death Resistance {rPois
                  | rF- rC+ Regen+}
 56021 | Crypt:3  | Identified the +1 leather armour of Uskayaw's Envy {Drain
                  | rC++ rN+ Str+4}
 56524 | Depths:1 | Entered Level 1 of the Depths
 56524 | Depths:1 | Noticed a juggernaut
 56537 | Depths:1 | Killed a juggernaut
 56538 | Depths:1 | Reached skill level 5 in Invocations
 56631 | Depths:1 | Found a one-way gateway to a ziggurat.
 56800 | Depths:1 | Identified the +1 pair of boots of the Pleiades {rElec}
                  | (Okawaru gifted it to you on level 1 of the Depths)
 56800 | Depths:1 | Received a gift from Okawaru
 56882 | Depths:1 | Found an ornate altar of the Wu Jian Council.
 57062 | Depths:1 | Found a one-way gate leading to the halls of Pandemonium.
 57278 | Depths:1 | Found a gateway to Hell.
 57455 | Depths:1 | Lost intelligence.
 57580 | Depths:1 | Identified the ring of Latedy {rElec rPois rN+ Str+6 Dex+4
                  | Stlth-}
 57743 | Depths:2 | Identified the +0 long sword of Zerofreq {venom, Str+3
                  | Int+4}
 57763 | Depths:2 | Reached XP level 24. HP: 268/268 MP: 25/25
 57768 | Depths:2 | Found a magical portal.
 57795 | WizLab   | Entered The Roulette of Golubria
 57795 | WizLab   | Found a transporter.
 57802 | WizLab   | Found the +1 cloak of Starlight {*Dazzle EV+4 Stlth--}
 57802 | WizLab   | Found a corrupted altar of Lugonu.
 57914 | WizLab   | Found a transporter.
 57950 | WizLab   | Found a transporter.
 58025 | WizLab   | Found a transporter.
 58060 | WizLab   | Found a corrupted altar of Lugonu.
 58064 | WizLab   | Found a transporter.
 58110 | WizLab   | Found a transporter.
 58215 | WizLab   | Found a transporter.
 58269 | WizLab   | Found a transporter.
 58269 | WizLab   | Found a transporter.
 58300 | WizLab   | Found a transporter.
 58300 | WizLab   | Found a transporter.
 58323 | WizLab   | Found a transporter.
 58323 | WizLab   | Found a transporter.
 58350 | WizLab   | Found a transporter.
 58350 | WizLab   | Found a transporter.
 58376 | WizLab   | Identified the +2 cloak of Impermeability {Slay+2}
 58379 | WizLab   | Identified the +0 cloak of Living Music {Rampage rF+
                  | Regen+}
 58439 | WizLab   | Found a transporter.
 58456 | WizLab   | Found a transporter.
 58456 | WizLab   | Found a transporter.
 58505 | WizLab   | Found a transporter.
 58505 | WizLab   | Found a transporter.
 59833 | Depths:2 | Reached skill level 10 in Stealth
 60392 | Depths:2 | Noticed the Enchantress
 60405 | Depths:2 | Killed the Enchantress
 60473 | Depths:2 | Identified the +3 hunting sling of the Shimmering Seeker
                  | {speed, Contam Dex+3}
 60478 | Depths:2 | Identified the +8 spear "Arcanum" {venom, rN+ MP+9 Str+2
                  | Dex-5}
 60878 | Depths:3 | Found a one-way gate to the infinite horrors of the Abyss.
 61103 | Depths:3 | Found a bloodstained altar of Trog.
 61466 | Depths:3 | Identified the +0 tower shield of Indecent Exposure {rN+
                  | Will+} (Okawaru gifted it to you on level 3 of the Depths)
 61466 | Depths:3 | Received a gift from Okawaru
 61950 | Depths:4 | Entered Level 4 of the Depths
 61958 | Depths:4 | Identified the +8 bardiche of the Red Skies {flame, Str+6}
 62457 | Depths:4 | Reached skill level 27 in Fighting
 62478 | Depths:4 | Found a gate to the Realm of Zot.
 62526 | Depths:4 | Reached skill level 27 in Long Blades
 62611 | Depths:4 | Identified the +5 long sword "Bimyab" {drain, +Blink rPois
                  | Dex-3}
 62625 | Depths:4 | Identified the +1 pair of gloves of Qorrarol {Rampage
                  | *Corrode +Blink Int+3} (Okawaru gifted it to you on level 4
                  | of the Depths)
 62625 | Depths:4 | Received a gift from Okawaru
 62775 | Depths:4 | Found a blossoming altar of Fedhas.
 62834 | Depths:4 | Reached XP level 25. HP: 282/282 MP: 25/25
 64054 | D:12     | Bought the dreamshard necklace {*Dream Drain} for 5200 gold
                  | pieces
 64054 | D:12     | Found the dreamshard necklace {*Dream Drain}
 64458 | Slime:1  | Entered Level 1 of the Pits of Slime
 64690 | Slime:4  | Gained mutation: You are weak. (Str -2) [a shining eye]
 64797 | Slime:5  | Entered Level 5 of the Pits of Slime
 65092 | Slime:5  | Noticed the Royal Jelly
 65252 | Slime:5  | Killed the Royal Jelly
 65252 | Slime:5  | Identified the +7 crystal plate armour of Gluttony {-Cast
                  | rC- Will+++ Slay+6} (Okawaru gifted it to you on level 5 of
                  | the Pits of Slime)
 65252 | Slime:5  | Received a gift from Okawaru
 65270 | Slime:4  | HP: 1/297 [drowned by a quicksilver ooze[the Royal Jelly]
                  | (14)]
 65270 | Slime:4  | Mangled by an acid blob

Illustrated notes

Levels and vault maps discovered:
D:1:      eino_arrival_cavern_c, layout_basic,
          hellmonk_ecumenical_altar_blasted, minmay_tetromino_i4
D:2:      layout_basic, uniq_robin
D:3:      layout_loops_ring, minmay_cut_off
D:4:      kennysheep_kobold_camp, layout_basic, uniq_natasha
D:5:      layout_gridville, minmay_temple_entry_mini_moons,
          gup_sewer_entry_bubbles
D:6:      layout_basic, serial_shops, shop, enter_ossuary_5, minmay_microvault
D:7:      layout_basic, lightli_corner_chamber, uniq_duvessa
D:8:      layout_basic, minitemple, nicolae_shop_self_help
D:9:      layout_roguey
D:10:     layout_roguey, due_lair_maze_entry_diamond, orc_0_dummy, minivault_15
D:11:     layout_roguey
D:12:     layout_long_grid, serial_shops, nicolae_shop_advertising_works
          [nicolae_subvault_shop_adworks], nicolae_vehumet_altar_sigil,
          uniq_nessos
D:13:     minmay_distorted_concentric_squares, layout_cave_pools,
          lightli_vaults_fourway_checkpoint, serial_shops,
          nicolae_shop_competitors_out_of_business
D:14:     layout_layer_cave, kennysheep_cluttered_room
D:15:     grunt_enter_depths_giant_problem, layout_cave_pools,
          minmay_misc_feat_square, hangedman_decor_riveting,
          nrook_guardian_serpent_double, uniq_agnes, uniq_rupert
Temple:   regret_index_temple_mists
Lair:1:   layout_loops_ring, uniq_sonja, uniq_fannar
Lair:2:   layout_gridlike, spider_nest_entry_funnel_web,
          gammafunk_ghost_berserking_beasts, grunt_megastairs_4,
          lemuel_fruit_tree
Lair:3:   layout_roguey, elwin_shoals_entry_rocks, nicolae_volcano_entry_s_turn,
          grunt_forest_large_clearing_hut
Lair:4:   layout_roguey, bobbens_ice_dragon_lair
Lair:5:   layout_cave_pods, portal_ice_cave_entry_imps, st_stairs_6,
          beast_lair_carwin_4, grunt_megastairs_5
Lair:6:   minmay_lair_end_enchanted_forest, layout_regular_city, slime_dummy
Shoals:1: layout_shoals, nicolae_shoals_goliath_grotto
Shoals:2: layout_shoals
Shoals:3: layout_shoals, uniq_ilsuiw, uniq_polyphemus, uniq_nikola
Shoals:4: shoals_end_grunt_ice, layout_shoals, shoals_ilsuiw_ice
Spider:1: layout_spider_delve
Spider:2: layout_spider_delve, nicolae_spider_undead_wolf_pack
Spider:3: layout_spider_delve
Spider:4: spider_rune_water
Slime:1:  layout_caves
Slime:2:  layout_caves
Slime:3:  layout_caves
Slime:4:  layout_caves, nicolae_slime_barrier,
          cheibrodos_slime_lost_civilization_5
Slime:5
Orc:1:    layout_diamond_mine
Orc:2:    grunt_orc_cross, layout_caves
Elf:1:    nicolae_elf_arrival_dilemma, layout_geoelf_diagonals, basic_altar,
          serial_shops, shop, serial_sigils, serial_sigils_hangedman_writhe,
          serial_sigils_hangedman_confine, serial_sigils_hangedman_gut,
          serial_sigils_hangedman_scar, minmay_elf_sorcery, uniq_azrael
Elf:2:    elven_hall_of_blades_hangedman_original
          [infiniplex_blade_entry_pillars], layout_loops_ring, serial_shops,
          nicolae_shop_stone, ebering_ghost_reflecting_pool, special_room
          [special_room_mythical_zoo], ebering_dispersal_statue_hall, uniq_aizul
Elf:3:    elf_hall, layout_gridlike, serial_shops,
          nicolae_shop_temple_entry_statues_fountains
Vaults:1: portal_desolation_entry_twin_temple, vaults_room_boxed,
          ontoclasm_vaults_eye, hangedman_vaults_hard_town_square,
          vaults_mumra_minichess, nicolae_vaults_three_branches,
          ontoclasm_vaults_claustrophobia, grunt_vaults_twisty,
          hangedman_vaults_cutoff, v_misc_22, vaults_room_door_ring,
          vaults_room_pool, nicolae_vaults_little_squares_5, vaults_room_pools,
          layout_vaults_big_cross, serial_shops, nicolae_square_shop
Vaults:2: grunt_vaults_funnel, minmay_crypt_entry_vampire_xt,
          nicolae_vaults_ring_of_whatevers, v_alt_pattern_5,
          nicolae_vaults_angled_halls, v_misc_25, vaults_dpeg_encased_lava,
          nicolae_vaults_little_squares_6, vaults_mumra_hex,
          layout_vaults_omnigrid
Vaults:3: grunt_vaults_focal, st_greater_box_5, vaults_mumra_hexcomb,
          vaults_room_grunt_arrival_ludios, nicolae_vaults_bisected_inception,
          v_misc_3, ontoclasm_vaults_gateway, ontoclasm_vaults_decontamination,
          vaults_standard_mumra_x, layout_vaults_omnibox
Vaults:4: grunt_vaults_hallway_long, ontoclasm_vaults_ring_small,
          vaults_room_large_hall, vaults_room_door_hall, vaults_dpeg_doors,
          vaults_room_fancy_cross, nicolae_vaults_ring_of_whatevers,
          v_pattern_5, v_misc_23, layout_vaults_ring, serial_glass
Vaults:5: serial_shops
Crypt:1:  layout_chaotic_city, st_burial_chamber, grunt_megastairs_2,
          grunt_crypt_arrival_split
Crypt:2:  layout_chaotic_city, serial_sigils_hangedman_scratch,
          amcnicky_mini_corridor_feature, nicolae_crypt_ancient_font,
          item_on_display_a, uniq_saint_roka
Crypt:3:  lightli_unholy_cathedral, layout_chaotic_city,
          nicolae_tomb_entry_rubble_hallway, lemuel_statue_altar,
          amcnicky_mini_rare_corridor_liquid, uniq_margery
Depths:1: layout_cross, enter_ziggurat_c, grunt_pan_entry_sceptre,
          lemuel_round_altar, hell_entry, minmay_metal_thing
Depths:2: grunt_forest_end_winery, layout_cave_pools,
          infiniplex_enter_wizlab_water, pf_hell_entry_great_geh,
          chequers_serial_rivers_small_3, pan_entry, serial_bayou_pond_c,
          minmay_staircase_windowed_small
Depths:3: minmay_skeleton_keep, layout_gridlike, minmay_misc_feat_doors,
          abyss_entry, hell_entry, rand_demon_pan_entry_5,
          serial_sigils_hangedman_carve, evilmike_spriggan_trog_shrine,
          grunt_megastairs_3, serial_bayou_shore_b, minmay_staircase_statues
Depths:4: grunt_x_marks_the_spot, layout_gridlike, nicolae_lava_and_water,
          grunt_hell_horde, grunt_pan_entry_zigzag, chequers_big_river,
          fedhas_altar_fruit_tree, serial_bayou_shore_a

Skill      XL: |  1  2  3  4  5  6  7  8  9 10 11 12 13 14 15 16 17 18 19 20 21 22 23 24 25 |
---------------+----------------------------------------------------------------------------+-----
Shields        | 4 5 6 7 10 12 15 16 18 20 22 24 26 27 | 27.0
Long Blades    | 3 4 5 7 9 11 12 13 14 15 16 17 18 19 20 21 23 24 25 27 | 27.0
Armour         | 4 5 7 8 9 10 11 13 14 15 16 17 18 19 20 21 | 21.4
Fighting       | 4 5 6 8 9 10 11 12 13 15 16 17 18 19 21 22 24 25 27 | 27.0
Dodging        | 1 2 3 4 5 6 7 8 10 12 14 | 14.0
Stealth        | 1 2 3 6 8 9 11 12 | 12.1
Invocations    | 2 3 4 5 |  5.2
Evocations     | 1 2 |  2.7
Unarmed Combat | |  0.3

Action                   |  1- 3 |  4- 6 |  7- 9 | 10-12 | 13-15 | 16-18 | 19-21 | 22-24 | 25-27 || total
-------------------------+-------+-------+-------+-------+-------+-------+-------+-------+-------++-------
Melee: Long sword        |    79 |   178 |   426 |   944 |   740 |       |       |       |       ||  2367
       Headbutt          |    11 |    31 |   100 |   248 |   408 |   468 |   521 |   628 |   114 ||  2529
       Unarmed           |       |       |       |    15 |       |       |       |       |       ||    15
       Scimitar          |       |       |       |       |   810 |  1698 |  1740 |  1764 |   314 ||  6326
Invok: Heroism           |       |       |     3 |    38 |    31 |     8 |    12 |     9 |     1 ||   102
       Finesse           |       |       |       |       |       |       |       |       |     1 ||     1
Evoke: Wand              |       |       |       |    12 |     3 |       |     2 |    13 |       ||    30
  Use: Potion            |       |     4 |       |     5 |     1 |     6 |     6 |     3 |     3 ||    28
       Scroll            |       |     3 |    10 |     9 |     3 |     8 |     3 |     4 |     1 ||    41
 Stab: Paralysed         |       |       |       |       |     3 |       |       |       |       ||     3
       Petrified         |       |       |       |       |       |       |     1 |       |       ||     1
       Sleeping          |       |       |       |       |       |       |    25 |    54 |     4 ||    83
       Distracted        |       |       |       |       |       |       |     4 |    16 |     1 ||    21
Armor: Scale mail        |    58 |    32 |       |       |       |       |       |       |       ||    90
       Chain mail        |       |    74 |   187 |    11 |       |       |       |       |       ||   272
       Plate armour      |       |       |       |   439 |   579 |   834 |   357 |       |       ||  2209
       Ice dragon scales |       |       |       |       |    66 |       |       |       |       ||    66
       Crystal plate arm |       |       |       |       |    10 |       |       |       |       ||    10
       Shadow dragon sca |       |       |       |       |       |       |   248 |   358 |   138 ||   744
Dodge: Dodged            |    48 |    92 |   107 |   190 |   299 |   589 |   621 |   792 |   451 ||  3189
Block: Buckler           |    26 |    50 |    58 |       |       |       |       |       |       ||   134
       Tower shield      |       |       |    62 |   947 |  1609 |  1414 |       |       |       ||  4032
       Kite shield       |       |       |       |       |       |   820 |  1949 |  1723 |   472 ||  4964
       Reflection        |       |       |       |       |       |       |       |    14 |    11 ||    25
